[Event "41st Zalakaros Festival 2022"]
[Site "Zalakaros"]
[Date "2022.06.13"]
[Round "9.7"]
[White "Ianov, Viktor"]
[Black "Forgacs, Attila Jr."]
[Result "1/2-1/2"]
[ECO "A05"]
[WhiteElo "2279"]
[BlackElo "2234"]
[Annotator "TA"]
[PlyCount "82"]
[EventDate "2022.06.05"]
[EventType "swiss"]
[EventCountry "HUN"]
[SourceTitle "playchess.com"]
[Source "ChessBase"]
[SourceQuality "1"]
[TimeControl "40/5400+30:1800+30"]

1. Nf3 Nf6 2. g3 g6 3. b3 Bg7 4. Bb2 O-O 5. Bg2 d6 6. d4 e5 7. dxe5 Nfd7 8. Nc3 dxe5 {[%emt 0:00:14][%cal Oe5e4] 8...Nxe5 is vanishing. A49: 1 d4 Nf6 2 Nf3 g6 3 g3: Anti-King's Indian systems.} 9. Qd2 Nc6 10. O-O-O a5 {[%emt 0:00:06][%cal Oa5a4] White is better.} 11. h4 h6 {[%emt 0:00:05][%cal Oa5a4] Prevents Qg5.} 12. g4 a4 13. Nxa4 Qe7 {[%emt 0:04:37][%cal Oa8a4] [#]} 14. g5 $146 ({Predecessor:} 14. Kb1 Rd8 15. Qc1 b5 16. Nc3 Qb4 17. Nxe5 Ncxe5 18. Bxa8 c6 19. Qe3 Nxg4 20. Qg3 {1-0 (28) Radjabov,T (2325)-Zhao,Z Oropesa del Mar 1998}) 14... h5 15. Qe3 Nb6 16. Nxb6 cxb6 17. Kb1 (17. Qxb6 e4 18. Nd4 (18. Bxg7 $2 Kxg7 19. a4 exf3 $19) 18... Ra6 19. Qxa6 bxa6 20. Nxc6 Qe6 21. Bxg7 Kxg7 $17) ({White should play} 17. a4 $16) 17... Qc7 (17... Bf5 $11 18. Bh3 (18. Qxb6 Rxa2 19. Kxa2 Bxc2 $17) 18... Rxa2 19. Bxf5 (19. Kxa2 $2 {too greedy.} Bxc2 20. Bc3 Ra8+ 21. Kb2 Bxd1 $19) 19... Rfa8) 18. Qc3 {[%emt 0:02:02] White is more active.} b5 19. b4 (19. Ne1 $1 $14) 19... Qb6 $11 20. e3 (20. Qc5 $11 Qxc5 21. bxc5) 20... Bf5 $1 $17 21. Ne1 Rfc8 $1 22. Qb3 {[%emt 0:05:44] [#]} (22. Rd5 $17) 22... e4 $1 $19 {[%emt 0:14:43] Hoping for ...Be6.} 23. Bxg7 Kxg7 24. Qb2+ (24. a3 $17) 24... Kg8 25. Bh3 $2 (25. a3) 25... Bxh3 26. Rxh3 Ra4 27. c3 (27. a3 Qa6 28. Rd4 Nxd4 29. exd4) 27... Rca8 {[%emt 0:03:26] Strongly threatening ...Qa6.} 28. f4 exf3 29. Rxf3 Ne5 {[%emt 0:00:33][%mdl 64] Deflection} 30. Rf6 Qa7 31. Rf2 Qxe3 {[%emt 0:02:04] Threatens to win with ...Nc4.} 32. Re2 Qf4 33. Qd2 {[%emt 0:00:47] [#]} (33. Qc1 Qf5+ 34. Ka1) 33... Qf5+ $1 34. Qc2 {[%emt 0:02:23] Black must now prevent Qxf5.} Qf4 (34... Qe6 $19 35. Rc1 Rxa2 36. Qxa2 Rxa2 37. Rxa2 Qg4) 35. Rd4 {[%emt 0:03:38] The position is equal.} Qg3 36. Qe4 $1 $36 {[%emt 0:02:39][%csl LRb7,LRe5][%mdl 2048] White has some pressure.} Nc4 37. Qd3 Qc7 38. Rd7 Qf4 39. Rd4 Na3+ 40. Kb2 Nc4+ 41. Kb1 Na3+ {[%emt 0:04:17] And White is the lucky defender.  Weighted Error Value: White=0.41/Black=0.28 (precise)} 1/2-1/2

[Event "41st Zalakaros Festival 2022"]
[Site "Zalakaros"]
[Date "2022.06.13"]
[Round "9.8"]
[White "Demeter, Dorina"]
[Black "Daroczi, Donat"]
[Result "1/2-1/2"]
[ECO "A04"]
[WhiteElo "2235"]
[BlackElo "2132"]
[Annotator "NA RC"]
[PlyCount "111"]
[EventDate "2022.06.05"]
[EventType "swiss"]
[EventCountry "HUN"]
[SourceTitle "playchess.com"]
[Source "ChessBase"]
[SourceQuality "1"]
[TimeControl "40/5400+30:1800+30"]

1. Nf3 e6 2. c4 b6 3. g3 Bb7 4. Bg2 f5 5. Nc3 Nf6 6. d3 Bb4 7. Bd2 O-O 8. O-O a5 9. Qc2 d6 10. Rfe1 e5 11. e4 (11. b3 $11 {deserves consideration.}) 11... Bxc3 12. Bxc3 fxe4 13. dxe4 Nbd7 14. Nh4 Nc5 15. Rad1 Qe8 16. f3 Rd8 17. Nf5 g6 18. Ne3 Ne6 (18... Rf7 $14) 19. Nd5 Nd7 20. Rf1 c6 21. Ne3 Qe7 22. h4 c5 23. Bh3 (23. Rde1 {deserves consideration.}) 23... Nd4 24. Qg2 Nf6 25. Rd2 a4 26. Rdf2 Nh5 27. Bd2 Rb8 28. Nd5 Bxd5 29. cxd5 b5 30. Bh6 Rfe8 $1 31. Bg5 Qg7 $1 32. Be3 Rb7 33. Bxd4 cxd4 34. Be6+ Kh8 35. f4 exf4 36. gxf4 Qf6 37. f5 Qxh4 38. fxg6 hxg6 (38... Qg3 $2 39. Qxg3 Nxg3 40. g7+ Kxg7 41. Rg2 $18) 39. Qxg6 Qg3+ {[%emt 0:00:12] [#]} 40. Qxg3 $1 ({Much worse is} 40. Rg2 Qxg6 41. Rxg6 Rg7 42. Rxg7 Kxg7 $11) 40... Nxg3 41. Rd1 $11 ({White should play} 41. Rf8+ $16 Rxf8 42. Rxf8+ Kh7 43. Rf3 Ne2+ 44. Kf2) 41... Nxe4 42. Rh2+ Rh7 43. Rxd4 Ng5 44. Rxh7+ Kxh7 45. Rb4 Nxe6 46. dxe6 Rxe6 47. Rxb5 Re2 48. Rb4 Kg6 49. Rxa4 Rxb2 50. Rd4 Rxa2 51. Rxd6+ Kf5 52. Rd8 Ke4 53. Re8+ Kf3 54. Rf8+ Ke4 55. Rf2 Rxf2 56. Kxf2 1/2-1/2

[Event "41st Zalakaros Festival 2022"]
[Site "Zalakaros"]
[Date "2022.06.13"]
[Round "9.9"]
[White "Kiss, Mate Jozsef"]
[Black "Bodrogi, Bendeguz"]
[Result "1/2-1/2"]
[ECO "B32"]
[WhiteElo "2030"]
[BlackElo "2198"]
[Annotator "TA"]
[PlyCount "41"]
[EventDate "2022.06.05"]
[EventType "swiss"]
[EventCountry "HUN"]
[SourceTitle "playchess.com"]
[Source "ChessBase"]
[SourceQuality "1"]
[TimeControl "40/5400+30:1800+30"]

1. e4 c5 2. Nf3 Nc6 3. d4 cxd4 4. Nxd4 e5 5. Nb5 d6 6. N1c3 a6 7. Na3 Be7 8. Be3 {[%emt 0:00:22] B32: Sicilian: Löwenthal and Kalashnikov Variations.} Nf6 9. Nc4 b5 10. Nb6 {[%emt 0:00:11] White has an edge.} Rb8 11. Nxc8 Qxc8 12. Be2 O-O 13. O-O Rd8 (13... b4 $5 14. Nd5 Nxe4 $11) 14. a3 Qe6 {[%emt 0:03:47] [#]} 15. Nd5 $146 ({Predecessor:} 15. Bf3 Na5 16. b3 Rdc8 17. Qd2 Nb7 18. Bg5 Nc5 19. Bxf6 Bxf6 20. Nd5 Bd8 21. Rfd1 {1-0 (50) Packroff,H (2188)-Haemmerle,D (2147) ICCF email 2018}) 15... Nxe4 16. c4 Rdc8 17. Nb6 Rc7 18. Nd5 {[%emt 0:04:41][%mdl 1024] White has compensation.} Rcc8 19. Nb6 Rc7 20. Nd5 Rcc8 21. Nb6 {[%emt 0:00:05] Weighted Error Value: White=0.10 (very precise) /Black=0.07 (flawless)} 1/2-1/2

[Event "41st Zalakaros Festival 2022"]
[Site "Zalakaros"]
[Date "2022.06.13"]
[Round "9.10"]
[White "Bernath, Bence"]
[Black "Herczeg, Marcell"]
[Result "1-0"]
[ECO "B48"]
[WhiteElo "2202"]
[BlackElo "2045"]
[Annotator "TA"]
[PlyCount "83"]
[EventDate "2022.06.05"]
[EventType "swiss"]
[EventCountry "HUN"]
[SourceTitle "playchess.com"]
[Source "ChessBase"]
[SourceQuality "1"]
[TimeControl "40/5400+30:1800+30"]

1. e4 c5 2. Nf3 e6 3. d4 cxd4 4. Nxd4 Nc6 5. Nc3 Qc7 6. Be3 a6 7. a3 {[%emt 0:00:27] 7.g4 is setting a new trend.} Nf6 8. f4 d5 {[%emt 0:14:58] B48: Sicilian: Taimanov: 5 Nc3 Qc7 6 Be3 a6 without Be2.} 9. exd5 (9. e5 $5 Nd7 10. Nb3 $11) 9... exd5 {[%emt 0:01:51] [#]} 10. Qf3 $146 ({Predecessor:} 10. Qd2 Bd6 11. Be2 O-O 12. O-O Re8 13. Rad1 Nxd4 14. Bxd4 Ne4 15. Nxd5 Qc6 16. Qa5 {½-½ (60) Tasdogen,D (2215)-Unat,C (2006) Kocaeli 2017}) 10... Bd6 {[%emt 0:04:11] Threatens to win with ...Bg4. Black is slightly better.} 11. Nxd5 Nxd5 {[%emt 0:00:44][%mdl 64] [#] Remove Defender} (11... Qa5+ 12. Nc3 Bg4 13. Nxc6 Qxc3+ 14. bxc3 $14) 12. Qxd5 O-O 13. Nxc6 bxc6 14. Qd2 Bg4 (14... Rd8 $11 {remains equal.}) 15. Bd3 c5 {[%emt 0:09:04] aiming for ...Rfe8.} 16. h3 Be6 17. O-O f6 (17... c4 $14 {feels stronger.}) 18. Rad1 $16 Rfd8 19. Qc3 c4 20. Be4 Rab8 21. Bd5 {[%emt 0:10:22] White is more active.} Re8 22. Qd4 Kh8 23. Bxe6 Rxe6 24. Kh1 c3 (24... Qc6 $16 {was called for.}) 25. b4 $18 (25. bxc3 $6 Rbe8 $14) (25. Qxc3 $6 Qxc3 26. bxc3 Bxa3 $14) 25... Rbe8 26. Rd3 Qe7 27. Bg1 ({But not} 27. Rxc3 $6 Rxe3 28. Rxe3 Qxe3 29. Qxd6 Qxa3) 27... a5 $2 (27... Bb8 28. Qxc3 (28. Rxc3 h6 $18) 28... h6) 28. f5 Be5 29. Qd7 Qxd7 30. Rxd7 Rc6 31. Rfd1 $2 ({Resist} 31. bxa5 h5 32. Rfd1 Kh7 $18) (31. b5 $18 Rd6 32. Rxd6 Bxd6 33. Rd1) 31... axb4 $16 32. Rd8 (32. axb4 $16 {Strongly threatening b5.} Ra6 {[#]} 33. Re7 $3 ) 32... Rc8 (32... Rg8 $1 $14 33. axb4 Ra6) 33. Rxe8+ Rxe8 34. axb4 {[%emt 0:00:06][%cal Ba3b4,Bb4b5,Bb5b6,Bb6b7][%mdl 4128] Endgame KRB-KRB} Kg8 35. b5 {[%emt 0:00:33] Hoping for b6.} Rb8 {[%emt 0:01:28][%mdl 8192] A mistake that costs the game.} (35... Ra8 $16 {is more resistant.}) 36. b6 $18 g6 37. fxg6 hxg6 38. Rd7 {[%emt 0:00:05] Black must now prevent g4.} Kf8 (38... Ra8 $142 39. b7 Ra2 40. Rd8+ Kf7) 39. b7 Re8 40. Bh2 {[%emt 0:00:00] Prevents Bg3. White mates.} Bb8 41. Bxb8 Rxb8 42. Rc7 {[%emt 0:00:06] Weighted Error Value: White=0.29 (precise) /Black=0.81} 1-0